[Event "Early-Titled-Tuesday-Blitz-March-12-2024"]
[Site "Chess.com"]
[Date "2024.03.12"]
[Round "9"]
[White "LuisFSiles"]
[Black "secrethawk1"]
[Result "1-0"]
[WhiteElo "2309"]
[BlackElo "2445"]
[TimeControl "180+1"]
[EndTime "9:44:05 PDT"]
[Termination "LuisFSiles won by checkmate"]

1. e4 c5 2. Nf3 e6 3. c3 d5 4. exd5 Qxd5 5. d4 Nf6 6. a3 Nc6 7. Be3 cxd4 8. cxd4 Be7 9. Nc3 Qd6 10. Bd3 O-O 11.
Qc2 a6 12. O-O Rd8 13. Rad1 Bd7 14. Qe2 Rac8 15. Bb1 Be8 16. Rfe1 h6 17. Qd2 Bf8 18. Bf4 Qd7 19. Qe2 b5 20. Be5 Nd5 21. Qe4 f5 22.
Qh4 Nxc3 23. bxc3 Bxa3 24. d5 exd5 25. Nd4 Nxd4 26. Rxd4 Bf8 27. g4 Rxc3 28. Bxf5 Qf7 29. Rf4 Be7 30. Bxc3 Bxh4 31. Be6 Bg5 32. Rd4 Bf6 33. Rd3 Bxc3 34. Rxc3 d4 35. Rd3 Rd6 36. Bxf7+ Bxf7 37. Red1 Bc4 38. Rxd4 Rg6 39. h3 h5 40. f3 Be2 41. Rd8+ Kh7 42. R1d6 Bxf3 43. Rxg6 Kxg6 44.
gxh5+ Kxh5 45. Rd6 Kh4 46. Kh2 Be2 47. Rxa6 Bc4 48. Rg6 Kh5 49. Rxg7 b4 50. Rg4 Be6 51. Rxb4 Kg5 52. Kg3 Kh5 53. Rb5+ Kh6 54. h4 Kg7 55. Kf4 Kf6 56. Rb6 Ke7 57. Kg5 Bg8 58. Kh6 Kf7 59. h5 Kf8 60. Rb8+ Kf7 61. Rb7+ Kf6 62. Rg7 Bf7 63. Rg1 Be8 64. Rf1+ Ke7 65. Kg5 Bf7 66. h6 Kf8 67. h7 Kg7 68. Rxf7+ Kh8 69. Rf8+ Kxh7 70.
Kf6 Kh6 71. Rh8# 1-0

[Event "Early-Titled-Tuesday-Blitz-March-12-2024"]
[Site "Chess.com"]
[Date "2024.03.12"]
[Round "9"]
[White "luckyswitchback"]
[Black "Mops_2004"]
[Result "0-1"]
[WhiteElo "2693"]
[BlackElo "2849"]
[TimeControl "180+1"]
[EndTime "9:44:06 PDT"]
[Termination "Mops_2004 won by resignation"]

1. e4 c5 2. Nf3 Nc6 3. Bb5 e6 4. O-O Nge7 5. Re1 Nd4 6. Nxd4 cxd4 7. c3 a6 8. Bf1 Nc6 9. d3 Bc5 10. Nd2 O-O 11. Nb3 d6 12. Nxc5 dxc5 13. e5 Qc7 14. Qg4 Kh8 15. Bf4 b6 16. h4 Bb7 17. h5 h6 18. Rac1 Rad8 19. Qh4 Ne7 20. c4 Kh7 21. a3 a5 22. b3 Nf5 23. Qh3 a4 24. b4 cxb4 25. axb4 a3 26. Ra1 Ra8 27. Ra2 Ra4 28. b5 Qc5 29. g4 Ne7 30. Bg2 Qc7 31. Rea1 Rfa8 32. Bxb7 Qxb7 33. Qg2 Qc7 34. Qe4+ Kg8 35.
Bc1 Qc5 36. f4 R4a7 37. Kg2 Qb4 38. f5 exf5 39. gxf5 Qc5 40. Kh2 Qc8 41. f6 Nf5 42. Rg2 g5 43. Bxg5 hxg5 44. Rxg5+ Kf8 45. Rag1 Ke8 46.
Rg8+ Kd7 47. Qxf5+ Kc7 48. Rxc8+ Rxc8 49. Qe6 fxe6 50. h6 a2 51. h7 Rh8 52. Rg7+ Kb8 53. Rg8+ Kb7 54. Rxh8 a1=Q 55. Rb8+ Kxb8 56. h8=Q+ Kb7 57.
Qg7+ Ka8 58. f7 Ra2+ 59. Qg2+ Rxg2+ 60. Kxg2 Qa3 61. c5 Qxc5 62. Kf3 Qf8 63. Ke4 Qxf7 64.
Kxd4 Qc7 65. Ke4 Qc5 66. d4 Qd5+ 67. Kf4 Qxb5 68. Kg5 Qd5 69. Kf6 Kb7 70. Ke7 Kc6 71. Kf6 b5 72. Ke7 b4 73. Kf6 b3 74. Ke7 b2 75. Kf6 b1=Q 76. Ke7 Qb7+ 77. Kf6 Qf3+ 78. Kg5 Qg7+ 0-1

[Event "Early-Titled-Tuesday-Blitz-March-12-2024"]
[Site "Chess.com"]
[Date "2024.03.12"]
[Round "9"]
[White "KuzubovYuriy"]
[Black "Oleksandr_Bortnyk"]
[Result "0-1"]
[WhiteElo "2919"]
[BlackElo "3013"]
[TimeControl "180+1"]
[EndTime "9:44:08 PDT"]
[Termination "Oleksandr_Bortnyk won on time"]

1. d4 d6 2. Nf3 Nf6 3. Nbd2 Nbd7 4. e4 e5 5. c3 Be7 6. Bd3 O-O 7. O-O b6 8. Re1 Bb7 9. Qc2 Re8 10. a4 a5 11.
Nf1 Bf8 12. Ng3 c6 13. Be3 Qc7 14. Rad1 g6 15. h3 Bg7 16. Bf1 Re7 17. dxe5 dxe5 18. Qb3 Ba6 19. Bxa6 Rxa6 20. Rd2 Ra8 21. Red1 Rb8 22.
Qc4 Ne8 23. b4 axb4 24. cxb4 b5 25. axb5 Rxb5 26. Rc2 Qb7 27. Qxc6 Rxb4 28. Qxb7 Rxb7 29. Rc8 h6 30. h4 Kh7 31. h5 Re6 32. hxg6+ fxg6 33. Ra1 Ndf6 34. Nd2 h5 35. Nf3 Bh6 36. Ng5+ Bxg5 37. Bxg5 Kg7 38. f3 Kf7 39. Raa8 Nd7 40. Rd8 Rb1+ 41. Kh2 Rb7 42. Nf1 Nb6 43. Ra6 Nc7 44.
Ra1 Re8 45. Rxe8 Nxe8 46. Rb1 Nd6 47. Ne3 Ke6 48. Rc1 Rb8 49. Rc6 Kd7 50. Rc5 Ke6 51. Bh4 Rc8 52. Ra5 Rc3 53. Nd5 Nxd5 54. Rxd5 Nf7 55.
Ra5 Rc6 56. Bf2 g5 57. Kh3 Kf6 58. Be3 g4+ 59. Kh4 gxf3 60. gxf3 Rc3 61. Ra6+ Kg7 62. Bc5 Rxf3 63. Kxh5 Rc3 64. Ba3 Re3 65. Rg6+ Kh7 66. Rf6 Kg7 67. Rg6+ Kh7 68. Rf6 Nd8 69. Bd6 Rxe4 70.
Rf5 Nc6 71. Rf7+ Kg8 72. Rc7 Nd4 73. Kg6 Rg4+ 74. Kf6 e4 0-1

[Event "Early-Titled-Tuesday-Blitz-March-12-2024"]
[Site "Chess.com"]
[Date "2024.03.12"]
[Round "9"]
[White "mishanick"]
[Black "TigrVShlyape"]
[Result "1-0"]
[WhiteElo "3098"]
[BlackElo "2918"]
[TimeControl "180+1"]
[EndTime "9:44:09 PDT"]
[Termination "mishanick won on time"]

1. d4 f5 2. c4 Nf6 3. Nf3 g6 4. g3 Bg7 5. Bg2 O-O 6. O-O d6 7. Nc3 c6 8. Rb1 a5 9. Qb3 Na6 10. Na4 Ne4 11. Nb6 Nac5 12. dxc5 Nxc5 13. Qe3 Qxb6 14.
Qxe7 Ne4 15. Ng5 Nxg5 16. Bxg5 Qc5 17. b3 Rf7 18. Qe8+ Rf8 19. Qe7 Rf7 20. Qe3 Qxe3 21. Bxe3 Be6 22. Rfd1 Rd7 23. Rd2 a4 24. Rbd1 axb3 25.
axb3 Ra3 26. Rd3 Kf7 27. Bf3 Be5 28. Kg2 Ra2 29. Bc5 Rb2 30. Ba3 Rc2 31. Bxd6 Bxd6 32. Rxd6 Rxd6 33. Rxd6 Rb2 34. Rd3 Kf6 35. h4 h6 36. Rc3 g5 37. hxg5+ hxg5 38. e3 g4 39.
Bd1 b5 40. Kf1 bxc4 41. bxc4 c5 42. Ke1 Ke5 43. Bc2 Rb4 44. Bd3 Rb2 45. Ra3 Rb4 46. Ra5 Kd6 47. Ra6+ Kd7 48. Kd2 Rb2+ 49. Bc2 Rb4 50.
Ra7+ Kd6 51. Rh7 Ke5 52. Rc7 Kd6 53. Ra7 Ke5 54. Ra5 Rxc4 55. Bd3 Rb4 56. Rxc5+ Kf6 57. Rc6 Ke5 58. Rc5+ Kf6 59. Ra5 Rb2+ 60. Ke1 Rb3 61. Bc2 Rb2 62. Kd1 Rb6 63. Kd2 Rd6+ 64. Ke1 Rc6 65. Bd3 Rd6 66. Ke2 Rb6 67. e4 fxe4 68. Bxe4 Rb2+ 69. Ke3 Rb3+ 70. Kf4 Rb2 71. Ra6 Rxf2+ 72.
Ke3 1-0

[Event "Early-Titled-Tuesday-Blitz-March-12-2024"]
[Site "Chess.com"]
[Date "2024.03.12"]
[Round "9"]
[White "PepeCuenca"]
[Black "ActorXu"]
[Result "1/2-1/2"]
[WhiteElo "2713"]
[BlackElo "2858"]
[TimeControl "180+1"]
[EndTime "9:44:13 PDT"]
[Termination "Game drawn - insufficient material"]

1. d4 Nf6 2. Bf4 c5 3. dxc5 Na6 4. Qd4 Qa5+ 5. c3 Qxc5 6. e3 e6 7. Nd2 b6 8. Qa4 Nb8 9. Bxb8 Rxb8 10. Qxa7 Bd6 11.
Qa4 O-O 12. Qb5 Qc7 13. Ngf3 Bb7 14. Be2 Bc6 15. Qb3 b5 16. a3 Bd5 17. Qd1 h6 18.
O-O Rfc8 19. h3 Bf8 20. Nd4 Qb7 21. Bf3 Bxf3 22. Qxf3 d5 23. Qe2 Nd7 24. f4 Nc5 25.
Rae1 Na4 26. N2f3 Bd6 27. Rf2 Qd7 28. Qd2 f5 29. Kh1 Nb6 30. Qe2 Nc4 31. Rg1 Rf8 32. g4 fxg4 33. Rxg4 Rf7 34. Rfg2 Rbf8 35. Qd3 Kh8 36.
Nh4 Kg8 37. Ng6 Re8 38. Qe2 e5 39. fxe5 Nxe5 40. Nxe5 Bxe5 41. Qd3 Ref8 42. Qg6 Rf1+ 43. Rg1 Rxg1+ 44. Kxg1 Bxd4 45. cxd4 Qe7 46. Rg3 Rf7 47.
Qg4 Qf6 48. Rg2 Qf1+ 49. Kh2 Kh8 50. Qc8+ Kh7 51. Qg4 Qf6 52. Qg3 Qf5 53. Qe5 Qxe5+ 54. dxe5 Re7 55. Kg3 Rxe5 56. Kf3 g5 57. Rc2 Rf5+ 58.
Ke2 h5 59. Rc5 g4 60. hxg4 hxg4 61. Rc1 Kg6 62. Rf1 Rxf1 63. Kxf1 Kf5 64. b3 Ke5 65. Kf2 d4 66. exd4+ Kxd4 67. a4 bxa4 68. bxa4 Kc5 69. Kg3 Kb4 70. Kxg4 Ka5 71. Kf5 Kxa4 1/2-1/2

[Event "Early-Titled-Tuesday-Blitz-March-12-2024"]
[Site "Chess.com"]
[Date "2024.03.12"]
[Round "9"]
[White "ChessQueen"]
[Black "crazyluzhinTh3"]
[Result "1/2-1/2"]
[WhiteElo "2755"]
[BlackElo "2584"]
[TimeControl "180+1"]
[EndTime "9:44:26 PDT"]
[Termination "Game drawn by repetition"]

1. e4 d6 2. d4 Nf6 3. Nc3 g6 4. Nf3 Bg7 5. Be3 O-O 6. Qd2 a6 7. a4 Nc6 8. Be2 Bg4 9. d5 Bxf3 10. gxf3 Ne5 11. f4 Ned7 12. h4 c6 13. dxc6 bxc6 14.
h5 Qa5 15. hxg6 hxg6 16. f3 Rfb8 17. Nd1 Qxd2+ 18. Kxd2 Nh5 19. c3 Ng3 20. Rg1 Nxe2 21. Kxe2 c5 22. f5 Ne5 23. fxg6 fxg6 24. Bc1 Kf7 25. Ne3 Bh6 26. Rb1 Bxe3 27. Bxe3 Rb3 28. Rh1 Rab8 29. Rh7+ Ke8 30. Rh8+ Kd7 31. Rxb8 Rxb8 32.
b4 Nc4 33. Bf2 a5 34. b5 Nb6 35. Ra1 Rh8 36. Bg3 Ke6 37. f4 Rh5 38. Kf3 d5 39.
Re1 Kd7 40. Rd1 e6 41. Bf2 Nxa4 42. exd5 Rxd5 43. Ra1 Nxc3 44. Rxa5 Rd3+ 45. Kg4 c4 46. b6 Nd5 47. Rb5 Rb3 48. Rxb3 cxb3 49. Bd4 Kc6 50. Kg5 Nxb6 51. Kxg6 Kd5 52. Bb2 Nc4 53. Bc3 Nd6 54. Ba1 Ne4 55. f5 exf5 56. Kxf5 Nc5 57. Kf4 Kc4 58. Ke3 Na4 59. Kd2 Kb4 60. Kc1 Ka3 61. Kb1 Nb6 62. Bb2+ Kb4 63. Bd4 Nc4 64.
Bb2 Kc5 65. Bc3 Kd5 66. Bb2 Ke4 67. Bc3 Kd3 68. Bb4 Ne5 69. Bd6 Nc6 70. Bf8 Kc4 71. Bg7 Nb4 72. Bb2 Nd3 73. Ba1 Kb4 74. Bb2 Nc5 75. Kc1 Na4 76. Kb1 Kc4 77. Kc1 Kd3 78.
Kb1 Nb6 79. Kc1 Nc4 80. Kb1 Nd2+ 81. Kc1 Nf3 82. Kb1 Nd4 83. Bxd4 Kxd4 84. Kb2 Kc4 85.
Kb1 Kb4 86. Kb2 Ka4 87. Kb1 Ka3 88. Ka1 Kb4 89. Kb2 Kc4 90. Kb1 Kc3 91. Kc1 Kb4 92. Kb2 1/2-1/2

[Event "Early-Titled-Tuesday-Blitz-March-12-2024"]
[Site "Chess.com"]
[Date "2024.03.12"]
[Round "9"]
[White "Yan_Dyomin2010"]
[Black "GMKrikor"]
[Result "1-0"]
[WhiteElo "2734"]
[BlackElo "2862"]
[TimeControl "180+1"]
[EndTime "9:44:28 PDT"]
[Termination "Yan_Dyomin2010 won by resignation"]

1. e4 c5 2. c3 d5 3. exd5 Qxd5 4. d4 g6 5. Nf3 Bg7 6. Na3 cxd4 7.
Nb5 Na6 8. cxd4 Nf6 9. Nc3 Qd6 10.
Ne5 O-O 11. Be2 Nc7 12. O-O Ncd5 13. Bf3 Be6 14. Re1 a6 15. Na4 Rad8 16. Nc5 Bc8 17.
a3 b6 18. Ne4 Nxe4 19. Bxe4 Bb7 20. Qf3 e6 21. Bd2 b5 22. Rac1 Qb6 23. Be3 a5 24. h4 b4 25. a4 Bxe5 26. dxe5 Nxe3 27. Bxb7 Nf5 28. Be4 Nxh4 29. Qf6 Nf5 30. Bxf5 gxf5 31. Re3 Rd4 32. Rg3+ Rg4 33. Rxg4+ fxg4 34. Rc4 Rd8 35. Rxg4+ Kf8 36. Rg7 Qc7 37. Rxh7 Rd1+ 38. Kh2 Ke8 39. Rh8+ Kd7 40. Qxf7+ Kc6 41. Qxc7+ Kxc7 42. Ra8 Rd5 43.
f4 Kb7 44. Re8 Rd2 45. Rxe6 Rxb2 46. f5 Re2 47. f6 b3 48. Re7+ Kc6 49. f7 Rf2 50.
Re8 b2 51. Rb8 Kd5 52. Kg3 Rxf7 53. Rxb2 Kxe5 54. Rb5+ Ke4 55. Rxa5 Rg7+ 56. Kf2 Rf7+ 57. Kg1 Kf4 58. Ra8 Rb7 59. Rf8+ Kg3 60. Rf3+ Kg4 61. Ra3 Rb1+ 62. Kh2 Rb8 63. a5 Rh8+ 64. Kg1 Rh7 65.
a6 Ra7 66. Kf2 Kf4 67. g3+ Ke4 68. Kg2 Kf5 69. Kf3 Ke5 70. g4 Kf6 71. Kf4 Ke6 72. Kg5 Ke5 73. Kg6 Ke6 74. g5 Ke5 75. Kh6 Kf5 76.
g6 Kf6 77. Ra5 Rg7 78. a7 Rxg6+ 79. Kh7 Rg7+ 80. Kh8 Rg1 81. a8=Q Kf7 82. Qb7+ 1-0

[Event "Early-Titled-Tuesday-Blitz-March-12-2024"]
[Site "Chess.com"]
[Date "2024.03.12"]
[Round "9"]
[White "NelsonLinda"]
[Black "KhazhatulyAlikhan"]
[Result "0-1"]
[WhiteElo "2600"]
[BlackElo "2461"]
[TimeControl "180+1"]
[EndTime "9:44:31 PDT"]
[Termination "KhazhatulyAlikhan won on time"]

1. Nf3 Nf6 2. d4 d5 3. Bg5 e6 4.
Nbd2 Be7 5. Bxf6 Bxf6 6. e4 dxe4 7. Nxe4 O-O 8. Qd2 Bd7 9. Bd3 Bc6 10. c3 Nd7 11.
O-O-O Bxe4 12. Bxe4 c5 13. dxc5 Nxc5 14. Bxh7+ Kh8 15.
Bc2 Qa5 16. Kb1 Rfd8 17. Qf4 Qb6 18. Ka1 a5 19. Ne5 Kg8 20. Ng4 Be7 21. Ne3 a4 22. a3 Nb3+ 23. Ka2 Nc5 24. h4 Bd6 25. Qg4 Be7 26. h5 Bf6 27. h6 Rxd1 28. Rxd1 Kf8 29.
h7 Ke7 30. Qc4 Nd7 31. Bxa4 Nc5 32. Bc2 Qc6 33. Qb4 b5 34. g4 Be5 35. f4 Bd6 36. Qd4 Rh8 37. f5 e5 38. Nd5+ Kd7 39. Qd2 Rxh7 40.
f6 g6 41. Ne7 Qb6 42. Bb1 Kc7 43. Nd5+ Kc6 44. Nxb6 Bc7 45. Qd6+ Bxd6 46. Nd5 Kd7 47. Nb6+ Kc6 48. Nc8 Bc7 49. Ne7+ Kb6 50. b4 Ne6 51. Nd5+ Kc6 52. Nxc7 Kxc7 53. Be4 Rh4 54. Bd5 Ng5 55. Rg1 Rh2+ 56. Kb3 Rf2 57. a4 bxa4+ 58. Kxa4 Rxf6 59. b5 Kb6 60. c4 Kc5 61. Rd1 e4 62. Kb3 Rd6 63.
Re1 f5 64. gxf5 gxf5 65. Rg1 Nf3 66. Rg8 Nd4+ 67. Kc3 Nxb5+ 68. Kd2 Nc7 69. Rc8 Kb6 70. Rb8+ Ka6 71. Ke3 Nxd5+ 72. cxd5 Rxd5 73. Kf4 Rb5 74. Re8 Ka5 0-1

[Event "Early-Titled-Tuesday-Blitz-March-12-2024"]
[Site "Chess.com"]
[Date "2024.03.12"]
[Round "9"]
[White "andrew-blr"]
[Black "blitzking1729"]
[Result "1/2-1/2"]
[WhiteElo "2629"]
[BlackElo "2800"]
[TimeControl "180+1"]
[EndTime "9:44:51 PDT"]
[Termination "Game drawn by repetition"]

1. d4 Nf6 2. c4 e6 3. Nc3 Bb4 4. a3 Bxc3+ 5. bxc3 O-O 6. f3 d5 7. e3 dxc4 8. Bxc4 c5 9. Ne2 b6 10. O-O Ba6 11. Bxa6 Nxa6 12. a4 Nc7 13. e4 Nd7 14.
Be3 Qe7 15. Qe1 e5 16. d5 f5 17. c4 f4 18. Bf2 a5 19. Nc3 Ne8 20. Nb5 Nd6 21. Bh4 Nf6 22. Nxd6 Qxd6 23. Rb1 Nd7 24. Rf2 h6 25. Rfb2 g5 26. Bf2 Rf6 27. Qe2 h5 28. h3 Kf7 29. Kf1 Rg8 30. Ke1 Rfg6 31.
Kd2 g4 32. hxg4 hxg4 33. Rh1 g3 34. Be1 Rh6 35. Rxh6 Qxh6 36. Kd3 Qh1 37. Rb1 Qg1 38. Kc2 Qh2 39. Bc3 Qh6 40. Qe1 Rh8 41. Kb3 Qd6 42.
Ka3 Rh2 43. Qg1 Ke8 44. Bd2 Kd8 45. Bc3 Kc8 46. Bd2 Nb8 47. Bc3 Na6 48. Rb5 Nc7 49. Rb1 Ne8 50. Rc1 Kb7 51. Rc2 Qe7 52. Qa1 Rh5 53. Rb2 Nd6 54. Qa2 Ka6 55. Qb3 Qc7 56. Rb1 Ka7 57. Ka2 Qb7 58. Rc1 Qa6 59. Bb2 Qc8 60. Qc3 Qe8 61. Kb3 Qh8 62. Ba3 Nb7 63.
Ka2 Rh2 64. Rg1 Rh1 65. Qe1 Rxg1 66. Qxg1 Qh2 67. Qf1 Nd6 68. Kb3 Kb7 69. Bb2 Nf7 70.
Bc3 Kc7 71. Bb2 Kd6 72. Bc3 Ng5 73. Bb2 Nh3 74. Bxe5+ Kxe5 75. Qa1+ Kd6 76. Qf6+ Kc7 77. Qe7+ Kb8 78. Qd8+ Kb7 79. Qd7+ Kb8 80. d6 Qxg2 81.
Qc7+ Ka8 82. Qc8+ Ka7 83. Qc7+ Ka8 84. Qc8+ Ka7 85. Qc7+ Ka6 86. Qc8+ Ka7 1/2-1/2

[Event "Early-Titled-Tuesday-Blitz-March-12-2024"]
[Site "Chess.com"]
[Date "2024.03.12"]
[Round "9"]
[White "szachuspl"]
[Black "eightbyeightchess"]
[Result "1/2-1/2"]
[WhiteElo "2524"]
[BlackElo "2406"]
[TimeControl "180+1"]
[EndTime "9:44:53 PDT"]
[Termination "Game drawn by 50-move rule"]

1. d4 d5 2. c4 c6 3. Nc3 Nf6 4. Nf3 dxc4 5. a4 Bf5 6. Ne5 Nbd7 7. Nxc4 Qc7 8. g3 e5 9. dxe5 Nxe5 10. Bf4 Nfd7 11. Bg2 g5 12. Nxe5 gxf4 13. Nxd7 Bxd7 14.
O-O O-O-O 15. a5 a6 16. Qa4 fxg3 17. hxg3 Bc5 18. Qh4 Rhg8 19. Ne4 Ba7 20. Rfd1 Rg4 21. Qxh7 f5 22. Nd6+ Kb8 23. e3 Be6 24. Qxc7+ Kxc7 25. Nxb7 Rxd1+ 26. Rxd1 Kxb7 27. Rd6 Bd5 28. Bxd5 cxd5 29. Rxd5 f4 30. Rd7+ Kb8 31. Kg2 fxe3 32. fxe3 Rb4 33.
Kf3 Rxb2 34. g4 Rb3 35. Re7 Bc5 36. Re5 Bd6 37. Re6 Kc7 38. g5 Rb5 39. g6 Rxa5 40.
Kg4 Ra1 41. Kg5 Rg1+ 42. Kf6 Kd7 43. Re4 a5 44. g7 Kc6 45. Kf7 Rf1+ 46. Ke6 Rg1 47.
Kf7 Rf1+ 48. Kg6 Rg1+ 49. Kh6 Kd5 50. Re8 a4 51. g8=Q+ Rxg8 52. Rxg8 a3 53. Ra8 Ke4 54. Rd8 a2 55. Ra8 Kxe3 56. Rxa2 Bc5 57. Kg6 Bd4 58. Kf5 Kf3 59. Ra3+ Kg2 60. Ke4 Bf2 61. Kf4 Bg1 62. Kg4 Kh1 63. Ra2 Bh2 64. Kf3 Bg1 65. Ra1 Kh2 66. Rb1 Kh1 67. Rb7 Bh2 68. Rg7 Bg1 69. Rg8 Bh2 70. Kf2 Bf4 71. Kf1 Bh2 72. Rg2 Bf4 73.
Rf2 Bh2 74. Rf5 Bg3 75. Ke2 Kg2 76. Rg5 Kh2 77. Kf3 Bd6 78. Rg6 Be5 79. Rg2+ Kh1 80. Rg5 Bh2 81. Rh5 Kg1 82. Rh7 Kh1 83. Kg4 Kg1 84.
Kh3 Kh1 85. Rg7 Bg1 86. Rg2 Bd4 87. Rc2 Bg1 88. Kg3 Bd4 89. Rc1+ Bg1 90. Kf3 Kh2 91. Rd1 Kh1 92. Rd5 Bh2 93. Kf2 Bg1+ 94. Kf1 Bh2 95. Rg5 Bf4 96. Rg4 Bh2 97. Kf2 Bc7 98. Kf3 Bh2 99. Rg8 Bg1 100. Ra8 Bh2 101. Ra2 Bg1 102. Ra1 Kh2 103. Ke2 Kh1 104. Kf1 Bd4 105. Ra4 Be5 106. Ra2 1/2-1/2

[Event "Early-Titled-Tuesday-Blitz-March-12-2024"]
[Site "Chess.com"]
[Date "2024.03.12"]
[Round "9"]
[White "mikheeva86"]
[Black "Smoking_Crow"]
[Result "1/2-1/2"]
[WhiteElo "2355"]
[BlackElo "2575"]
[TimeControl "180+1"]
[EndTime "9:45:07 PDT"]
[Termination "Game drawn by repetition"]

1. e4 c6 2. d4 d5 3. exd5 cxd5 4. c4 Nf6 5. Nc3 Nc6 6. Nf3 Bg4 7. Be3 e6 8. Bd3 dxc4 9. Bxc4 Bd6 10. O-O O-O 11. Be2 a6 12. h3 Bh5 13. a3 Rc8 14. Qd2 Bb8 15. Rac1 Qd6 16. g3 Rfd8 17. Rfd1 Ba7 18. g4 Bg6 19. Qe1 Bb8 20. Qf1 Nd5 21. Nxd5 Qxd5 22.
Rc5 Qd6 23. d5 exd5 24. Rcxd5 Qxd5 25. Rxd5 Rxd5 26. Bc4 Rd7 27. Nh4 Rcd8 28. Qe2 Be4 29. f3 Rd1+ 30. Kg2 Bb1 31. Bg5 Be5 32. Bxd8 Rxd8 33. Nf5 Bxf5 34. gxf5 Bf4 35. Bd5 h5 36. Qe4 Bg5 37. h4 Bf6 38. Bxc6 bxc6 39. b4 Rd2+ 40. Kf1 Ra2 41. Qe8+ Kh7 42. Qxf7 Rxa3 43. Qxh5+ Kg8 44. Qe8+ Kh7 45. Qxc6 Rb3 46. Qxa6 Rxb4 47. h5 Rh4 48. Qe6 Rxh5 49. Qf7 Rxf5 50. Kg2 Rg5+ 51. Kf2 Re5 52.
Qd7 Rh5 53. Qg4 g6 54. Qd7+ Bg7 55. Ke3 Rf5 56. Ke4 Re5+ 57. Kf4 Rc5 58. Kg4 Kh6 59.
Qe7 Rf5 60. f4 Kh7 61. Qh4+ Kg8 62. Qd8+ Rf8 63. Qd5+ Kh7 64. Qe6 Rf6 65. Qe8 Bh6 66. Qe7+ Bg7 67. Qb7 Rd6 68. Qh1+ Kg8 69. Qa8+ Bf8 70.
Qb7 Rf6 71. Qd5+ Rf7 72. Qe6 Kg7 73. Qe5+ Rf6 74. Qc7+ Kg8 75. Qe5 Bg7 76. Qe8+ Kh7 77. Qd7 Ra6 78. f5 Rf6 79. fxg6+ Rxg6+ 80. Kf5 Rf6+ 81. Ke4 Rh6 82. Qf5+ Kg8 83. Qc8+ Kh7 84. Qf5+ Kg8 85. Qc8+ Kf7 86. Qf5+ Bf6 87. Qd7+ Kg6 88. Qf5+ Kg7 89. Qd7+ Kf8 90. Qc8+ Kf7 91. Qd7+ Kg6 92. Qe8+ Kg7 93. Qd7+ Kg6 1/2-1/2

[Event "Early-Titled-Tuesday-Blitz-March-12-2024"]
[Site "Chess.com"]
[Date "2024.03.12"]
[Round "9"]
[White "Zhigalko_Sergei"]
[Black "jumpingknight20"]
[Result "1-0"]
[WhiteElo "2844"]
[BlackElo "2690"]
[TimeControl "180+1"]
[EndTime "9:45:09 PDT"]
[Termination "Zhigalko_Sergei won on time"]

1. e4 c5 2. Nf3 d6 3. d4 cxd4 4. Qxd4 Nc6 5. Bb5 Bd7 6. Bxc6 Bxc6 7. Nc3 h6 8. Qd3 Nf6 9. Nd4 Rc8 10. O-O g6 11. f3 Bg7 12. Be3 Bd7 13. Rad1 O-O 14. Rfe1 a6 15. a4 Qc7 16. Qd2 Kh7 17. Nb3 Be6 18.
Nd4 Bd7 19. Qf2 Rb8 20. Nb3 b5 21. axb5 axb5 22. Bd4 e5 23. Be3 b4 24. Na2 Be6 25.
Nac1 Rfc8 26. Rd2 d5 27. exd5 Nxd5 28. Bc5 Rb5 29. Nd3 h5 30. Rde2 f6 31. Be3 Nxe3 32. Qxe3 Bc4 33. Qe4 Bd5 34. Qh4 Qc4 35. Qf2 Qc7 36. Qh4 Qa7+ 37. Kh1 Rc4 38. Qg3 h4 39. Qh3 Kg8 40. f4 e4 41. Nf2 f5 42. Qxh4 Rc8 43. Nh3 Bc4 44. Rd2 e3 45. Rxe3 Qxe3 46. Rd1 Bxb3 47. Ng5 Bxc2 48. Qh7+ Kf8 49. Qxg6 Qe7 50.
Ne6+ Kg8 51. Rc1 Rbb8 52. Ng5 Bb3 53. Qh7+ Kf8 54. Rg1 Rc6 55. Qxf5+ Rf6 56. Nh7+ Kg8 57. Nxf6+ Qxf6 58. Qg4 Qxb2 59. f5 Qd4 60. Qg3 Qe5 61. Qxb3+ Kh8 62. Qh3+ Kg8 63. Qb3+ Kf8 64. Rf1 Bf6 65.
h3 Qc3 66. Qe6 b3 67. Qd6+ Kf7 68. Qxb8 b2 69. Qb7+ Kf8 70. Qb8+ Kf7 71. Qb7+ Kf8 72.
Qe4 Kg7 73. Qg4+ Kf7 74. Qf3 Qc2 75. Qd1 Qc3 76. Qd7+ Kf8 77. Qd6+ Kf7 78. Qe6+ Kf8 79. Qd7 Qc2 80. Qd6+ Kf7 81. Qe6+ Kg7 82. Qd7+ Kf8 83. Qd1 Qc3 84. Qb1 Qg3 85. Qe4 Be5 86. Kg1 Qc3 87.
Re1 Bf6 88. Qe8+ Kg7 89. Qg6+ 1-0

[Event "Early-Titled-Tuesday-Blitz-March-12-2024"]
[Site "Chess.com"]
[Date "2024.03.12"]
[Round "10"]
[White "Ati1517"]
[Black "effefe"]
[Result "1-0"]
[WhiteElo "2235"]
[BlackElo "2364"]
[TimeControl "180+1"]
[EndTime "9:47:53 PDT"]
[Termination "Ati1517 won by resignation"]

1. e4 c5 2. Nf3 d6 3. d4 cxd4 4. Nxd4 Nf6 5. Nc3 g6 6. Bc4 Bg7 7. Be3 O-O 8. O-O Nc6 9. f3 Bd7 10. Bb3 Rc8 11. Nd5 Nxd5 12. Bxd5 Nxd4 13. Bxd4 Bxd4+ 14.
Qxd4 b6 15. c3 Qc7 16. Rae1 Qc5 17. e5 dxe5 18. Rxe5 Qxd4+ 19. cxd4 e6 20. Bb3 Bb5 21. Rxb5 Rfd8 22. d5 exd5 23. Rxd5 Re8 24. Rd7 Re2 25. Rxf7 Kh8 26. Rxa7 Rxb2 27. Re1 h5 28. h4 Rd8 29. Ree7 1-0

[Event "Early-Titled-Tuesday-Blitz-March-12-2024"]
[Site "Chess.com"]
[Date "2024.03.12"]
[Round "10"]
[White "Boorchess"]
[Black "Cheer_Down"]
[Result "1-0"]
[WhiteElo "2539"]
[BlackElo "2427"]
[TimeControl "180+1"]
[EndTime "9:48:08 PDT"]
[Termination "Boorchess won by resignation"]

1. d4 d5 2. c4 e6 3. Nf3 Nf6 4. g3 Be7 5. Bg2 O-O 6. O-O dxc4 7. Qc2 a6 8. a4 Bd7 9. Qxc4 Bc6 10. Bg5 Nbd7 11. a5 h6 12. Bxf6 Nxf6 13. Nc3 Bd5 14. Qd3 Bb4 15. e4 Bxc3 16. exd5 Bb4 17. dxe6 fxe6 18.
Qc4 Qd6 19. Ne5 Nd5 20. Nd3 c5 21. dxc5 1-0

[Event "Early-Titled-Tuesday-Blitz-March-12-2024"]
[Site "Chess.com"]
[Date "2024.03.12"]
[Round "10"]
[White "Matibar"]
[Black "LileKoridze"]
[Result "1-0"]
[WhiteElo "2758"]
[BlackElo "2470"]
[TimeControl "180+1"]
[EndTime "9:48:20 PDT"]
[Termination "Matibar won by resignation"]

1. a3 d5 2. e3 e6 3. c4 Nf6 4. Nf3 c5 5. d4 cxd4 6. exd4 dxc4 7. Bxc4 Nc6 8. Nc3 a6 9. O-O b5 10. Ba2 Bb7 11. d5 exd5 12. Nxd5 Be7 13. Nxe7 Qxd1 14. Rxd1 Nxe7 15. Ne5 O-O 16. Be3 Bd5 17.
Bc5 Bxa2 18. Bxe7 Rfe8 19. Bxf6 gxf6 20. Ng4 Bb3 21. Nxf6+ Kf8 22. Nxe8 Bxd1 23. Rxd1 Rxe8 24. Kf1 Re4 25. Rd6 b4 26. Rxa6 bxa3 1-0

[Event "Early-Titled-Tuesday-Blitz-March-12-2024"]
[Site "Chess.com"]
[Date "2024.03.12"]
[Round "10"]
[White "shirovin"]
[Black "Resignify"]
[Result "0-1"]
[WhiteElo "2057"]
[BlackElo "2230"]
[TimeControl "180+1"]
[EndTime "9:48:41 PDT"]
[Termination "Resignify won by resignation"]

1. e4 d6 2. d4 Nf6 3. Nc3 g6 4. Bg5 Bg7 5. f4 c6 6. Qd2 b5 7. e5 b4 8. Nd1 Ne4 9. Qxb4 Nxg5 10.
fxg5 dxe5 11. dxe5 Bxe5 12. Nf3 Qd6 13. Bd3 Qxb4+ 0-1

[Event "Early-Titled-Tuesday-Blitz-March-12-2024"]
[Site "Chess.com"]
[Date "2024.03.12"]
[Round "10"]
[White "TanitoluwaAps116"]
[Black "KuzubovYuriy"]
[Result "1-0"]
[WhiteElo "2834"]
[BlackElo "2909"]
[TimeControl "180+1"]
[EndTime "9:48:53 PDT"]
[Termination "TanitoluwaAps116 won by resignation"]

1. e4 e6 2. d4 d5 3. exd5 exd5 4.
Nf3 Bg4 5. h3 Bh5 6. Qe2+ Qe7 7.
Be3 Nd7 8. Nc3 c6 9. O-O-O O-O-O 10. g4 Bg6 11. Bg2 Re8 12. Rhe1 Qd8 13. Ne5 Kb8 14. Nxg6 Rxe3 15. Qxe3 hxg6 16. Qf4+ Ka8 17. Bxd5 cxd5 18. Nxd5 a6 19. Re8 Qxe8 20. Nc7+ Ka7 21. Nxe8 1-0

[Event "Early-Titled-Tuesday-Blitz-March-12-2024"]
[Site "Chess.com"]
[Date "2024.03.12"]
[Round "10"]
[White "crazyluzhinTh3"]
[Black "GothamChess"]
[Result "0-1"]
[WhiteElo "2578"]
[BlackElo "2692"]
[TimeControl "180+1"]
[EndTime "9:49:25 PDT"]
[Termination "GothamChess won by resignation"]

1. e4 d5 2. exd5 Qxd5 3. d4 e5 4. Nf3 exd4 5. Nxd4 Nf6 6. Qe2+ Be7 7. Nb5 Qd8 8. N1c3 a6 9. Na3 b5 10. Qf3 Ra7 11. Be3 c5 12. Rd1 Rd7 13. Rxd7 Nbxd7 14. Nab1 O-O 15. Be2 Ne5 16. Qg3 Bd6 17. Qh4 Ng6 0-1

[Event "Early-Titled-Tuesday-Blitz-March-12-2024"]
[Site "Chess.com"]
[Date "2024.03.12"]
[Round "10"]
[White "Triumphmate"]
[Black "scrambleyourbrain"]
[Result "1-0"]
[WhiteElo "2523"]
[BlackElo "2388"]
[TimeControl "180+1"]
[EndTime "9:49:25 PDT"]
[Termination "Triumphmate won by resignation"]

1. e4 e5 2. Nf3 Nc6 3. Nc3 Nf6 4. Bb5 a6 5. Bxc6 dxc6 6. Nxe5 Nxe4 7. Nxe4 Qd4 8. O-O Qxe5 9. Re1 Be7 10. d4 Qd5 11. Bg5 Be6 12. Bxe7 Kxe7 13. Nc5 b6 14. Re5 Qd6 15. Nxe6 fxe6 16. Qg4 Kf7 17. Qf4+ Kg8 18. Rae1 Rf8 19. Qg4 c5 20. dxc5 bxc5 21. Rxe6 Qd2 22.
R6e2 1-0